[Event "EYTCC U12 Open 2019"]
[Site "Pardubice"]
[Date "2019.07.13"]
[Round "3.24"]
[White "Olenik Campa, Rudi"]
[Black "Hagner, Bennet"]
[Result "0-1"]
[ECO "C90"]
[WhiteElo "1854"]
[BlackElo "1831"]
[Annotator "NA"]
[PlyCount "116"]
[EventDate "2019.07.11"]
[EventType "swiss"]
[EventCountry "CZE"]
[SourceTitle "playchess.com"]
[Source "ChessBase"]
[SourceQuality "1"]
[WhiteTeam "Slovenia"]
[BlackTeam "Germany"]
[WhiteTeamCountry "SLO"]
[BlackTeamCountry "GER"]
[TimeControl "40/5400+30:1800+30"]

1. e4 e5 2. Nf3 Nc6 3. Bb5 a6 4. Ba4 Nf6 5. d3 b5 6. Bb3 Be7 7. O-O d6 8. c3 O-O 9. Re1 Re8 10. Nbd2 Bf8 11. Nf1 Na5 12. Bc2 c5 13. d4 exd4 14. cxd4 Bg4 15. d5 g6 16. h3 Bxf3 17. gxf3 Bg7 18. Ng3 Nd7 19. f4 Nc4 20. Rb1 Qa5 21. Bb3 Ndb6 22. f5 Ne5 23. Bd2 Qxd2 24. fxg6 Qxe1+ 25. Qxe1 Nf3+ 26. Kh1 Nxe1 27. gxf7+ Kxf7 28. Rxe1 Bxb2 29. Nf5 Rad8 30. Bd1 Kf6 31. Ne3 Bd4 32. Ng4+ Kg5 33. f3 Nxd5 34. Kg2 Bc3 35. Rg1 Nf4+ 36. Kg3 Bd4 37. h4+ Kg6 38. Rh1 Nh5+ 39. Kg2 d5 40. exd5 Nf4+ 41. Kg3 Nxd5 42. Bc2+ Kg7 43. h5 Ne3 44. h6+ Kh8 45. Be4 Nxg4 46. Kxg4 Rg8+ 47. Kh5 Rg1 48. Rh3 Rdg8 49. f4 R1g4 50. Bd5 R8g6 51. Bf7 Rg1 52. Rh2 Bf2 53. Be6 c4 54. Bh3 Bg3 55. Re2 Bxf4 56. Re8+ Rg8 57. Rf8 R1g5+ 58. Kh4 Bg3# 0-1

[Event "EYTCC U12 Open 2019"]
[Site "Pardubice"]
[Date "2019.07.14"]
[Round "4.1"]
[White "Tancsa, Tamas"]
[Black "Fiszer, Bartosz"]
[Result "1/2-1/2"]
[ECO "B32"]
[WhiteElo "2126"]
[BlackElo "2124"]
[Annotator "NA"]
[PlyCount "94"]
[EventDate "2019.07.11"]
[EventType "swiss"]
[EventCountry "CZE"]
[SourceTitle "playchess.com"]
[Source "ChessBase"]
[SourceQuality "1"]
[WhiteTeam "Hungary"]
[BlackTeam "Poland"]
[WhiteTeamCountry "HUN"]
[BlackTeamCountry "POL"]
[TimeControl "40/5400+30:1800+30"]

1. e4 c5 2. Nf3 Nc6 3. d4 cxd4 4. Nxd4 e5 5. Nb5 d6 6. c4 Be7 7. N1c3 a6 8. Na3 Be6 9. Be3 Bg5 10. Bxg5 Qxg5 11. Nd5 Qd8 12. b4 Nf6 13. Bd3 O-O 14. Nc2 Bxd5 15. cxd5 Ne7 16. O-O Nd7 17. Ne3 Rc8 18. Qd2 g6 19. Rac1 Kh8 20. Rxc8 Qxc8 21. Nc4 Qb8 22. f4 b5 23. Na5 exf4 24. Qxf4 Kg8 25. Qh4 Qa7+ 26. Kh1 Ne5 27. Be2 Rc8 28. Qf6 Qd7 29. h3 h5 30. Qg5 Kf8 31. Nb3 Ke8 32. Nc5 Qc7 33. Qf6 Ng8 34. Qg7 dxc5 35. bxc5 Kd7 36. Rxf7+ Nxf7 37. Qxf7+ Ne7 38. c6+ Kd6 39. Qf4+ Kc5 40. Qe3+ Kd6 41. Qg3+ Kc5 42. Qc3+ Kd6 43. Qg3+ Kc5 44. Qe3+ Kb4 45. a3+ Ka5 46. Qc3+ Kb6 47. Qd4+ Ka5 1/2-1/2

[Event "EYTCC U12 Open 2019"]
[Site "Pardubice"]
[Date "2019.07.14"]
[Round "4.2"]
[White "Seemann, Jakub"]
[Black "Tran, David"]
[Result "0-1"]
[ECO "C85"]
[WhiteElo "2017"]
[BlackElo "2112"]
[Annotator "NA"]
[PlyCount "84"]
[EventDate "2019.07.11"]
[EventType "swiss"]
[EventCountry "CZE"]
[SourceTitle "playchess.com"]
[Source "ChessBase"]
[SourceQuality "1"]
[WhiteTeam "Poland"]
[BlackTeam "Hungary"]
[WhiteTeamCountry "POL"]
[BlackTeamCountry "HUN"]
[TimeControl "40/5400+30:1800+30"]

1. e4 e5 2. Nf3 Nc6 3. Bb5 a6 4. Ba4 Nf6 5. O-O Be7 6. Bxc6 dxc6 7. d3 Nd7 8. Nbd2 O-O 9. Nc4 f6 10. Nh4 Nc5 11. Nf5 Bxf5 12. exf5 Qd5 13. Qg4 Rfe8 14. Re1 e4 15. b4 Nd7 16. Rxe4 Bxb4 17. Bh6 Qf7 18. Re3 Rxe3 19. Nxe3 Bc3 20. Rb1 Ne5 21. Qg3 Kh8 22. Bf4 b5 23. Rb3 b4 24. Nd1 Bd4 25. Be3 c5 26. Bxd4 cxd4 27. f4 Nc6 28. Qf3 Qd7 29. Rxb4 Re8 30. Rb1 Ne7 31. Nf2 Nxf5 32. Ne4 Ne3 33. Qh5 f5 34. Ng5 g6 35. Qe2 Nd5 36. Qf2 c5 37. Qh4 Qe7 38. h3 h5 39. Qg3 Nc3 40. Qf3 Nxb1 41. Qc6 Qe3+ 42. Kh1 Qc1+ 0-1

[Event "EYTCC U12 Open 2019"]
[Site "Pardubice"]
[Date "2019.07.14"]
[Round "4.3"]
[White "Gaal, Zsoka"]
[Black "Meers, Hubert"]
[Result "1-0"]
[ECO "A49"]
[WhiteElo "2047"]
[BlackElo "2141"]
[Annotator "NA"]
[PlyCount "73"]
[EventDate "2019.07.11"]
[EventType "swiss"]
[EventCountry "CZE"]
[SourceTitle "playchess.com"]
[Source "ChessBase"]
[SourceQuality "1"]
[WhiteTeam "Hungary"]
[BlackTeam "Poland"]
[WhiteTeamCountry "HUN"]
[BlackTeamCountry "POL"]
[TimeControl "40/5400+30:1800+30"]

1. d4 Nf6 2. Nf3 g6 3. g3 Bg7 4. Bg2 O-O 5. O-O d6 6. b3 b5 7. Bb2 Bb7 8. c4 bxc4 9. bxc4 Nbd7 10. Nbd2 c5 11. d5 Rb8 12. Rb1 Ba6 13. Qa4 Qc8 14. Bh3 Rb4 15. Qc2 Qc7 16. Bc3 Rxb1 17. Rxb1 Rb8 18. Rxb8+ Qxb8 19. Qb3 Qb6 20. Ne1 Bh6 21. e3 g5 22. Bf5 Ne5 23. Bxe5 dxe5 24. Nd3 Qd6 25. Qa3 e6 26. Qxc5 Qxc5 27. Nxc5 exf5 28. Nxa6 Bf8 29. Nb3 Kg7 30. Kf1 g4 31. Ke2 Ne4 32. Ke1 Nc3 33. Na5 Nxa2 34. c5 Nc3 35. d6 Kf6 36. d7 Ke7 37. Nb8 1-0

[Event "EYTCC U12 Open 2019"]
[Site "Pardubice"]
[Date "2019.07.14"]
[Round "4.4"]
[White "Klimkowski, Jan"]
[Black "Giang, Tran Nam"]
[Result "1-0"]
[ECO "B40"]
[WhiteElo "1985"]
[BlackElo "1931"]
[Annotator "NA"]
[PlyCount "87"]
[EventDate "2019.07.11"]
[EventType "swiss"]
[EventCountry "CZE"]
[SourceTitle "playchess.com"]
[Source "ChessBase"]
[SourceQuality "1"]
[WhiteTeam "Poland"]
[BlackTeam "Hungary"]
[WhiteTeamCountry "POL"]
[BlackTeamCountry "HUN"]
[TimeControl "40/5400+30:1800+30"]

1. e4 c5 2. Nf3 e6 3. d4 cxd4 4. Nxd4 Qb6 5. Nb3 Qc7 6. Bd3 a6 7. O-O Nf6 8. f4 d6 9. c4 Nbd7 10. Nc3 Be7 11. Qf3 O-O 12. Bd2 b6 13. Rae1 Bb7 14. Qh3 Rfe8 15. g4 g6 16. Qg3 Rad8 17. Be3 d5 18. cxd5 exd5 19. e5 Ne4 20. Nxe4 dxe4 21. Rc1 Qb8 22. Be2 Rc8 23. Nd4 Bc5 24. Bc4 b5 25. e6 fxe6 26. Bxe6+ Rxe6 27. Nxe6 Bxe3+ 28. Qxe3 Rxc1 29. Rxc1 Qd6 30. Nd4 Nf6 31. h3 Qe7 32. Re1 Qb4 33. g5 Nh5 34. Rf1 Qxb2 35. Rf2 Qb1+ 36. Kh2 Qb4 37. Ne6 a5 38. Rd2 Qe7 39. Qb6 e3 40. Rd8+ Kf7 41. Rf8+ Qxf8 42. Nxf8 e2 43. Qxb7+ Kxf8 44. Qe4 1-0

[Event "EYTCC U12 Open 2019"]
[Site "Pardubice"]
[Date "2019.07.14"]
[Round "4.5"]
[White "Maurizzi, Marc Andria"]
[Black "Cohen, Elad"]
[Result "1-0"]
[ECO "A45"]
[WhiteElo "2412"]
[BlackElo "2002"]
[Annotator "NA"]
[PlyCount "89"]
[EventDate "2019.07.11"]
[EventType "swiss"]
[EventCountry "CZE"]
[SourceTitle "playchess.com"]
[Source "ChessBase"]
[SourceQuality "1"]
[WhiteTeam "France"]
[BlackTeam "Israel"]
[WhiteTeamCountry "FRA"]
[BlackTeamCountry "ISR"]
[TimeControl "40/5400+30:1800+30"]

1. d4 Nf6 2. Bg5 d5 3. Bxf6 exf6 4. e3 Bd6 5. Bd3 O-O 6. Qf3 c6 7. Nd2 Nd7 8. Ne2 Nb6 9. O-O Re8 10. b3 g6 11. c4 Bf8 12. Nc3 f5 13. Rac1 Be6 14. Rfd1 Qg5 15. g3 Rad8 16. Bf1 h5 17. h4 Qe7 18. Ne2 Nd7 19. Nf4 Nf6 20. c5 Bh6 21. b4 Qc7 22. b5 Qa5 23. bxc6 bxc6 24. Rc2 Rb8 25. Nb3 Qc7 26. Rb1 a5 27. Qd1 Bxf4 28. exf4 Qa7 29. Nd2 Ne4 30. Nf3 Rb4 31. a3 Rbb8 32. Ne5 Qc7 33. f3 Nf6 34. Rcb2 Nd7 35. Nxd7 Bxd7 36. Rb6 Rxb6 37. cxb6 Qb7 38. Qd2 Ra8 39. Qc3 Kg7 40. Qc5 Rb8 41. Qxa5 Ra8 42. Qc5 Bc8 43. Re1 Rb8 44. Re8 Be6 45. Qf8+ 1-0

[Event "EYTCC U12 Open 2019"]
[Site "Pardubice"]
[Date "2019.07.14"]
[Round "4.6"]
[White "Vagman, Roy"]
[Black "Makkar, Rajat"]
[Result "1-0"]
[ECO "C44"]
[WhiteElo "1941"]
[BlackElo "2064"]
[Annotator "NA"]
[PlyCount "125"]
[EventDate "2019.07.11"]
[EventType "swiss"]
[EventCountry "CZE"]
[SourceTitle "playchess.com"]
[Source "ChessBase"]
[SourceQuality "1"]
[WhiteTeam "Israel"]
[BlackTeam "France"]
[WhiteTeamCountry "ISR"]
[BlackTeamCountry "FRA"]
[TimeControl "40/5400+30:1800+30"]

1. e4 e5 2. Nf3 Nc6 3. d4 exd4 4. Nxd4 Qf6 5. Nb5 Bc5 6. Qf3 Nd4 7. Nxd4 Bxd4 8. c3 Qxf3 9. gxf3 Bb6 10. Rg1 g6 11. a4 a6 12. Na3 Ne7 13. Bc4 d6 14. Bg5 Be6 15. h4 Nc6 16. Ke2 O-O 17. Bxe6 fxe6 18. h5 Rf7 19. hxg6 hxg6 20. Nc4 Ba7 21. Ne3 Bxe3 22. Bxe3 Kg7 23. Rg3 e5 24. Rh1 Rg8 25. Rh6 Rf6 26. Bg5 Rf7 27. b4 Nd8 28. Be3 Rf6 29. Rgh3 Nf7 30. Rh7+ Kf8 31. b5 g5 32. Rg3 Rfg6 33. bxa6 bxa6 34. Rg1 R8g7 35. Rh5 Ke7 36. Rb1 Nd8 37. Rb8 Nc6 38. Ra8 a5 39. Rhh8 Kd7 40. Kd3 Rf7 41. Kc4 g4 42. Raf8 Rxf3 43. Rh7+ Ne7 44. Rxf3 gxf3 45. Kb5 Re6 46. Rf7 Kc8 47. Kxa5 Kb7 48. Kb5 d5 49. Bc5 Nc8 50. exd5 Rb6+ 51. Kc4 Ra6 52. a5 e4 53. Kd4 Rxa5 54. d6 Rxc5 55. Kxc5 Nxd6 56. Re7 Kc8 57. Kc6 Kd8 58. Rxc7 Nc4 59. Rd7+ Ke8 60. Rd4 e3 61. Rxc4 exf2 62. Re4+ Kd8 63. Rd4+ 1-0

[Event "EYTCC U12 Open 2019"]
[Site "Pardubice"]
[Date "2019.07.14"]
[Round "4.7"]
[White "Mekhane, Adam"]
[Black "Uritsky, Yonathan"]
[Result "1-0"]
[ECO "B39"]
[WhiteElo "2040"]
[BlackElo "2040"]
[Annotator "NA"]
[PlyCount "91"]
[EventDate "2019.07.11"]
[EventType "swiss"]
[EventCountry "CZE"]
[SourceTitle "playchess.com"]
[Source "ChessBase"]
[SourceQuality "1"]
[WhiteTeam "France"]
[BlackTeam "Israel"]
[WhiteTeamCountry "FRA"]
[BlackTeamCountry "ISR"]
[TimeControl "40/5400+30:1800+30"]

1. e4 c5 2. Nf3 Nc6 3. d4 cxd4 4. Nxd4 g6 5. c4 Bg7 6. Be3 Nf6 7. Nc3 Ng4 8. Qxg4 Nxd4 9. Qd1 e5 10. Bxd4 exd4 11. Nd5 O-O 12. Bd3 d6 13. O-O Be6 14. a4 Rc8 15. a5 Qd7 16. Qf3 f5 17. exf5 Bxf5 18. Bxf5 Rxf5 19. Qd3 Re8 20. a6 b5 21. Ra5 bxc4 22. Qxc4 Qe6 23. Qc6 Qe1 24. Ra1 Qe6 25. Nc7 Rc8 26. Qb7 Qd7 27. Nd5 Rf7 28. Rfe1 Qxb7 29. axb7 Rxb7 30. Ne7+ Rxe7 31. Rxe7 d3 32. Rd1 d2 33. Kf1 Bxb2 34. Rxd2 Rc1+ 35. Ke2 Bc3 36. Rd1 Rxd1 37. Kxd1 Bd4 38. f3 a5 39. Kc2 Bc5 40. Kb3 h6 41. Ka4 Bb4 42. Ra7 Kf8 43. Kb5 h5 44. Kc6 g5 45. Kd5 g4 46. f4 1-0

[Event "EYTCC U12 Open 2019"]
[Site "Pardubice"]
[Date "2019.07.14"]
[Round "4.8"]
[White "Tsirilman, Guy"]
[Black "Bat, Bilguun"]
[Result "0-1"]
[ECO "B28"]
[WhiteElo "1792"]
[BlackElo "2093"]
[Annotator "NA"]
[PlyCount "102"]
[EventDate "2019.07.11"]
[EventType "swiss"]
[EventCountry "CZE"]
[SourceTitle "playchess.com"]
[Source "ChessBase"]
[SourceQuality "1"]
[WhiteTeam "Israel"]
[BlackTeam "France"]
[WhiteTeamCountry "ISR"]
[BlackTeamCountry "FRA"]
[TimeControl "40/5400+30:1800+30"]

1. e4 c5 2. Nf3 a6 3. c3 e6 4. d4 d5 5. Bd3 dxe4 6. Bxe4 Nf6 7. Bg5 Be7 8. Bxf6 Bxf6 9. dxc5 Qc7 10. O-O Qxc5 11. Qc2 h6 12. Nbd2 O-O 13. Nb3 Qc7 14. Nfd4 Bd7 15. Rad1 Nc6 16. Nxc6 Bxc6 17. Nd4 Bxe4 18. Qxe4 Rfd8 19. Nb3 Rac8 20. h3 b5 21. a3 Qb6 22. Qe3 Qc6 23. Rxd8+ Rxd8 24. Qc5 Qe4 25. Qb6 Qc2 26. Nc5 Qxb2 27. Nxa6 Qxa3 28. Qxb5 Qxc3 29. Qb4 Qc6 30. Nb8 Qa8 31. Rb1 Be5 32. Qc5 Rxb8 33. Rd1 Bf6 34. Qc7 Rd8 35. Rxd8+ Qxd8 36. Qxd8+ Bxd8 37. g4 g5 38. Kg2 Kg7 39. Kf3 f5 40. gxf5 exf5 41. h4 gxh4 42. Kg2 Kf6 43. Kh3 Kg5 44. Kh2 Kg4 45. Kg2 h3+ 46. Kh1 Bc7 47. Kg1 Kf3 48. Kh1 Bb6 49. Kg1 Bxf2+ 50. Kh1 Ba7 51. Kh2 Ke2 0-1

[Event "EYTCC U12 Open 2019"]
[Site "Pardubice"]
[Date "2019.07.14"]
[Round "4.9"]
[White "Tarhan, Adar"]
[Black "Smolik, Jachym"]
[Result "0-1"]
[ECO "B40"]
[WhiteElo "1972"]
[BlackElo "1757"]
[Annotator "NA"]
[PlyCount "172"]
[EventDate "2019.07.11"]
[EventType "swiss"]
[EventCountry "CZE"]
[SourceTitle "playchess.com"]
[Source "ChessBase"]
[SourceQuality "1"]
[WhiteTeam "Turkey"]
[BlackTeam "Czech Republic"]
[WhiteTeamCountry "TUR"]
[BlackTeamCountry "CZE"]
[TimeControl "40/5400+30:1800+30"]

1. e4 c5 2. Nf3 e6 3. d4 cxd4 4. Nxd4 Qb6 5. Nc3 Bc5 6. Na4 Qa5+ 7. c3 Bxd4 8. Qxd4 Nf6 9. Nc5 b6 10. Nb3 Qh5 11. Be2 Qg6 12. Bf3 Bb7 13. Nd2 O-O 14. O-O Nc6 15. Qd6 Rad8 16. Re1 Ne8 17. Qf4 f5 18. e5 d6 19. exd6 Nxd6 20. Qg3 Qf6 21. Nf1 f4 22. Qh3 Rde8 23. b3 Nf7 24. Qh5 Ng5 25. Bxc6 Bxc6 26. Ba3 Rf7 27. Nd2 Qf5 28. Qh4 Rf6 29. f3 Rg6 30. Kh1 Rh6 31. Qf2 Nf7 32. Nf1 Qh5 33. Rad1 Ne5 34. Bd6 Nxf3 35. Bxf4 Nxe1 36. Qxe1 Rf6 37. Bg3 Ref8 38. Ne3 Rf3 39. Rc1 R3f7 40. Qd2 Rd7 41. Qe1 Rd3 42. c4 Rfd8 43. Kg1 Qg5 44. Rc3 Rxc3 45. Qxc3 Qg6 46. Qe5 Rf8 47. h3 h5 48. Kh2 Qe4 49. Qg5 Rf5 50. Qd8+ Kh7 51. Qd2 Rg5 52. Qf2 h4 53. Bf4 Rh5 54. Bb8 a6 55. Ng4 b5 56. c5 Qf5 57. Qxf5+ Rxf5 58. Bd6 Rd5 59. Ne5 Ba8 60. Nf3 Kh6 61. Nxh4 e5 62. Nf5+ Kg5 63. Ne3 Rd3 64. Nf1 e4 65. g3 Rf3 66. Kg1 Kf5 67. Bf4 Rc3 68. Ne3+ Ke6 69. b4 Ra3 70. Nc2 Rxa2 71. Nd4+ Kd7 72. Nf5 Ra1+ 73. Kf2 Rb1 74. Nxg7 Rxb4 75. h4 Rb2+ 76. Ke3 Rb3+ 77. Kd2 Rd3+ 78. Kc2 Bd5 79. h5 Bb3+ 80. Kc1 e3 81. h6 Rd1+ 82. Kb2 e2 83. c6+ Kxc6 84. h7 e1=Q 85. h8=Q Rb1+ 86. Ka3 Qa5# 0-1

[Event "EYTCC U12 Open 2019"]
[Site "Pardubice"]
[Date "2019.07.14"]
[Round "4.10"]
[White "Fizer, Marek"]
[Black "Celik, Hasan Huseyin"]
[Result "0-1"]
[ECO "D10"]
[WhiteElo "1624"]
[BlackElo "1903"]
[Annotator "NA"]
[PlyCount "88"]
[EventDate "2019.07.11"]
[EventType "swiss"]
[EventCountry "CZE"]
[SourceTitle "playchess.com"]
[Source "ChessBase"]
[SourceQuality "1"]
[WhiteTeam "Czech Republic"]
[BlackTeam "Turkey"]
[WhiteTeamCountry "CZE"]
[BlackTeamCountry "TUR"]
[TimeControl "40/5400+30:1800+30"]

1. d4 d5 2. c4 c6 3. Nc3 dxc4 4. e4 b5 5. a4 b4 6. Na2 Nf6 7. Bxc4 Nxe4 8. Nf3 e6 9. O-O Be7 10. Be3 a5 11. Ne5 O-O 12. Qf3 Nf6 13. Bb5 Bb7 14. Rfc1 Nd5 15. Bd3 Bf6 16. Ng4 Nxe3 17. fxe3 Nd7 18. Rf1 Ba6 19. Nc1 Bxd3 20. Nxd3 Rc8 21. Rac1 Bg5 22. Nge5 Nxe5 23. Nxe5 c5 24. Rxc5 Rxc5 25. dxc5 Qd5 26. Qxd5 Bxe3+ 27. Kh1 exd5 28. Rd1 f6 29. Nd7 Re8 30. h3 d4 31. g3 Rc8 32. b3 Rc7 33. Nb6 Rxc5 34. Nc4 Kf7 35. Kg2 Kg6 36. Kf3 h5 37. Nxe3 dxe3 38. Kxe3 Rc3+ 39. Rd3 Rxd3+ 40. Kxd3 h4 41. g4 f5 42. gxf5+ Kxf5 43. Ke3 g5 44. Kf3 g4+ 0-1

[Event "EYTCC U12 Open 2019"]
[Site "Pardubice"]
[Date "2019.07.14"]
[Round "4.11"]
[White "Portakalci, Yusuf"]
[Black "Lang, Simon"]
[Result "1-0"]
[ECO "A60"]
[WhiteElo "1764"]
[BlackElo "1506"]
[Annotator "NA"]
[PlyCount "67"]
[EventDate "2019.07.11"]
[EventType "swiss"]
[EventCountry "CZE"]
[SourceTitle "playchess.com"]
[Source "ChessBase"]
[SourceQuality "1"]
[WhiteTeam "Turkey"]
[BlackTeam "Czech Republic"]
[WhiteTeamCountry "TUR"]
[BlackTeamCountry "CZE"]
[TimeControl "40/5400+30:1800+30"]

1. d4 Nf6 2. c4 c5 3. d5 e6 4. Nc3 a6 5. a4 d6 6. e4 Be7 7. Nf3 O-O 8. Bd3 e5 9. O-O Bg4 10. h3 Bh5 11. Be3 Nbd7 12. Be2 Nb6 13. Nd2 Bxe2 14. Qxe2 Nfd7 15. a5 Nc8 16. Rfb1 Na7 17. b4 Rb8 18. bxc5 dxc5 19. Na4 f5 20. exf5 Rxf5 21. Ne4 Qf8 22. Ra3 Nc8 23. Rab3 Nd6 24. Naxc5 Nxc5 25. Nxc5 Rc8 26. Ne6 Qf7 27. Rc1 Bh4 28. g3 Be7 29. c5 Ne4 30. Rxb7 Rf3 31. Rxe7 Qh5 32. Rxg7+ Kh8 33. Rg4 Nxg3 34. Qxf3 1-0

[Event "EYTCC U12 Open 2019"]
[Site "Pardubice"]
[Date "2019.07.14"]
[Round "4.12"]
[White "Buchta, Bartolomej"]
[Black "Durak, Can"]
[Result "1/2-1/2"]
[ECO "B33"]
[WhiteElo "1585"]
[BlackElo "1753"]
[Annotator "NA"]
[PlyCount "72"]
[EventDate "2019.07.11"]
[EventType "swiss"]
[EventCountry "CZE"]
[SourceTitle "playchess.com"]
[Source "ChessBase"]
[SourceQuality "1"]
[WhiteTeam "Czech Republic"]
[BlackTeam "Turkey"]
[WhiteTeamCountry "CZE"]
[BlackTeamCountry "TUR"]
[TimeControl "40/5400+30:1800+30"]

1. e4 c5 2. Nf3 Nc6 3. d4 cxd4 4. Nxd4 Nf6 5. Nc3 g6 6. Nxc6 bxc6 7. e5 Ng8 8. Bc4 Bg7 9. O-O Bxe5 10. Re1 Bxc3 11. bxc3 d5 12. Qd4 f6 13. Bd3 Kf7 14. Rb1 Qa5 15. Bd2 e5 16. Qe3 Ne7 17. c4 Qd8 18. Qc5 Qd7 19. cxd5 Nxd5 20. Be4 Ba6 21. Rbd1 Rac8 22. f4 f5 23. Bxd5+ cxd5 24. Qa5 Qb5 25. Qxb5 Bxb5 26. Rxe5 Bc4 27. a4 Rb8 28. Rde1 Rhe8 29. Rxe8 Rxe8 30. Rxe8 Kxe8 31. Kf2 d4 32. Bb4 d3 33. cxd3 Bxd3 34. Ke3 Be4 35. g3 Bc6 36. a5 a6 {[%emt 0:00:05] Ke4} 1/2-1/2

[Event "EYTCC U12 Open 2019"]
[Site "Pardubice"]
[Date "2019.07.14"]
[Round "4.13"]
[White "Strybuk, Artsiom I"]
[Black "Bakiev, Diyor"]
[Result "1-0"]
[ECO "A49"]
[WhiteElo "2193"]
[BlackElo "2121"]
[Annotator "NA"]
[PlyCount "120"]
[EventDate "2019.07.11"]
[EventType "swiss"]
[EventCountry "CZE"]
[SourceTitle "playchess.com"]
[Source "ChessBase"]
[SourceQuality "1"]
[WhiteTeam "Belarus"]
[BlackTeam "Germany"]
[WhiteTeamCountry "BLR"]
[BlackTeamCountry "GER"]
[TimeControl "40/5400+30:1800+30"]

1. d4 Nf6 2. Nf3 g6 3. g3 Bg7 4. Bg2 O-O 5. O-O d6 6. c4 c6 7. Nc3 Qb6 8. c5 dxc5 9. Na4 Qd8 10. Nxc5 Nbd7 11. Nd3 Nb6 12. Bf4 Nh5 13. Bg5 h6 14. Bd2 Bf5 15. Nc5 Bc8 16. Rc1 Kh7 17. Ba5 Qd6 18. e4 Qb8 19. Re1 Nf6 20. e5 Nfd5 21. e6 fxe6 22. Ne5 Bxe5 23. dxe5 Rf5 24. f4 Rf7 25. Be4 Rg7 26. Qg4 Qc7 27. Nxe6 Bxe6 28. Qxe6 Qc8 29. Qxc8 Rxc8 30. f5 Kh8 31. fxg6 Rgg8 32. h4 e6 33. h5 Kg7 34. Bd2 Nd7 35. g4 Rce8 36. g5 hxg5 37. Bxg5 Rh8 38. h6+ Rxh6 39. Bxh6+ Kxh6 40. Bb1 Nf4 41. Rc2 Nf8 42. Rh2+ Kg7 43. Rf1 N8xg6 44. Bxg6 Nxg6 45. Rg2 Kh7 46. Rf7+ Kh6 47. Rf6 Rg8 48. Rxe6 Kh7 49. Kf2 a5 50. Ke3 b5 51. Rxc6 Rg7 52. Rcxg6 Rxg6 53. Rxg6 Kxg6 54. Kd4 Kf7 55. Kc5 b4 56. Kb5 Ke6 57. Kxa5 Kxe5 58. Kxb4 Kd6 59. a4 Kc6 60. a5 Kb7 1-0

[Event "EYTCC U12 Open 2019"]
[Site "Pardubice"]
[Date "2019.07.14"]
[Round "4.14"]
[White "Costa, Leonardo"]
[Black "Navumenka, Mikhei"]
[Result "1/2-1/2"]
[ECO "C02"]
[WhiteElo "2002"]
[BlackElo "2196"]
[Annotator "NA"]
[PlyCount "120"]
[EventDate "2019.07.11"]
[EventType "swiss"]
[EventCountry "CZE"]
[SourceTitle "playchess.com"]
[Source "ChessBase"]
[SourceQuality "1"]
[WhiteTeam "Germany"]
[BlackTeam "Belarus"]
[WhiteTeamCountry "GER"]
[BlackTeamCountry "BLR"]
[TimeControl "40/5400+30:1800+30"]

1. e4 e6 2. d4 d5 3. e5 c5 4. c3 Qb6 5. Nf3 Bd7 6. a3 a5 7. Bd3 Bb5 8. O-O Bxd3 9. Qxd3 Qa6 10. Qc2 Nc6 11. Be3 cxd4 12. cxd4 Nge7 13. Nc3 Nc8 14. Nd2 Be7 15. Na4 O-O 16. Rfc1 Nb6 17. Qb3 Nxa4 18. Qxa4 Rfc8 19. Rc2 b5 20. Qb3 a4 21. Qd3 Na5 22. Rac1 Nc4 23. Nb1 Rcb8 24. Bd2 Qa7 25. h3 f6 26. exf6 Bxf6 27. Bc3 Rf8 28. Re1 Rae8 29. Nd2 Bg5 30. Nf3 Bf4 31. Rce2 Rf6 32. Qd1 Qf7 33. Qc2 h6 34. Bd2 Bb8 35. Bc3 Qh5 36. Qd3 Ref8 37. Rxe6 Rxf3 38. gxf3 Qxh3 39. R6e5 Bxe5 40. dxe5 Qxf3 41. Qxf3 Rxf3 42. Rd1 Nb6 43. Bd4 Nc4 44. Bc3 Nb6 45. Bd4 Nd7 46. e6 Nf6 47. Bxf6 Rxf6 48. Rxd5 Rxe6 49. Rxb5 Re2 50. Rb4 Kh7 51. Rxa4 Rxb2 52. Kg2 h5 53. Ra5 Kh6 54. Kg3 g6 55. a4 Rb3+ 56. f3 Ra3 57. Ra6 Rc3 58. Rb6 Rc4 59. Ra6 Kg5 60. Ra5+ Kh6 1/2-1/2

[Event "EYTCC U12 Open 2019"]
[Site "Pardubice"]
[Date "2019.07.14"]
[Round "4.15"]
[White "Bialiauski, Artsiom"]
[Black "Deuer, Marius"]
[Result "0-1"]
[ECO "A48"]
[WhiteElo "1784"]
[BlackElo "1881"]
[Annotator "NA"]
[PlyCount "144"]
[EventDate "2019.07.11"]
[EventType "swiss"]
[EventCountry "CZE"]
[SourceTitle "playchess.com"]
[Source "ChessBase"]
[SourceQuality "1"]
[WhiteTeam "Belarus"]
[BlackTeam "Germany"]
[WhiteTeamCountry "BLR"]
[BlackTeamCountry "GER"]
[TimeControl "40/5400+30:1800+30"]

1. d4 Nf6 2. Nf3 g6 3. c4 Bg7 4. Nc3 O-O 5. Bg5 d6 6. e3 Nbd7 7. Qc2 c6 8. Be2 Qc7 9. O-O e5 10. Rfd1 h6 11. Bh4 Nb6 12. Rac1 Bf5 13. Qb3 g5 14. Bg3 Nh5 15. Qa3 Nxg3 16. hxg3 Rfe8 17. d5 Bf8 18. e4 Bc8 19. Nd2 a5 20. b3 Bd7 21. Qb2 c5 22. a3 Bg7 23. Rb1 Reb8 24. Rdc1 Nc8 25. b4 b6 26. Bd3 Ne7 27. Kf1 Kf8 28. Ke2 Bg4+ 29. f3 Bd7 30. g4 Ng6 31. g3 Ne7 32. Nf1 Kg8 33. Ne3 Kh8 34. Rh1 Ng8 35. Ncd1 axb4 36. axb4 cxb4 37. Qxb4 Qc5 38. Nc3 Nf6 39. Rb2 Ne8 40. Rhb1 Qc8 41. Nf5 Bxf5 42. gxf5 Qd7 43. Bc2 Nc7 44. Ba4 Qe7 45. Bc6 Ra7 46. Nb5 Nxb5 47. Qxb5 g4 48. fxg4 Qg5 49. Kf3 h5 50. gxh5 Ra3+ 51. Rb3 Qxh5+ 52. Kg2 Qe2+ 53. Kh3 Ra2 54. R3b2 Rxb2 55. Qxb2 Qxe4 56. Rf1 Bf6 57. Qc3 Kg7 58. Qf3 Rh8+ 59. Kg2 Qxc4 60. Re1 Qc5 61. Qd3 Rh2+ 62. Kxh2 Qf2+ 63. Kh3 Qxe1 64. Qa3 Qh1+ 65. Kg4 Qe4+ 66. Kh3 Qxf5+ 67. Kg2 Qc2+ 68. Kh3 Qf5+ 69. Kg2 Qc2+ 70. Kh3 Qd1 71. Qxd6 Qh1+ 72. Kg4 Kg6 0-1

[Event "EYTCC U12 Open 2019"]
[Site "Pardubice"]
[Date "2019.07.14"]
[Round "4.16"]
[White "Hagner, Bennet"]
[Black "Piatrenka, Ivan"]
[Result "1-0"]
[ECO "B07"]
[WhiteElo "1831"]
[BlackElo "1498"]
[Annotator "NA"]
[PlyCount "71"]
[EventDate "2019.07.11"]
[EventType "swiss"]
[EventCountry "CZE"]
[SourceTitle "playchess.com"]
[Source "ChessBase"]
[SourceQuality "1"]
[WhiteTeam "Germany"]
[BlackTeam "Belarus"]
[WhiteTeamCountry "GER"]
[BlackTeamCountry "BLR"]
[TimeControl "40/5400+30:1800+30"]

1. e4 d6 2. d4 Nf6 3. Nc3 g6 4. Be3 Bg7 5. Qd2 c6 6. Bh6 Bxh6 7. Qxh6 Qa5 8. Bd3 b5 9. Qd2 Nbd7 10. f4 Nb6 11. Nf3 Rb8 12. O-O O-O 13. e5 Nh5 14. Nd5 Qxd2 15. Nxe7+ Kh8 16. Nxd2 Bb7 17. exd6 Rbd8 18. Ne4 Ba8 19. f5 Ng7 20. b3 Nxf5 21. Nxf5 gxf5 22. Rxf5 f6 23. c4 bxc4 24. bxc4 c5 25. d5 Nd7 26. Raf1 Kg7 27. Bc2 Rde8 28. R5f4 Rd8 29. Ba4 Nb6 30. Bb5 Rc8 31. Ba6 Rce8 32. Nxc5 Rg8 33. d7 Re2 34. Ne6+ Rxe6 35. dxe6 Kh8 36. g3 1-0